 Dungeon Crawl Stone Soup version 0.17-a0-1769-g54adf96 (webtiles) character file.

907 ololoev the Frost Mage (level 7, 49/58 HPs)
             Began as a White Draconian Skald on Sept 7, 2015.
             Was an Initiate of Vehumet.
             Quit the game on level 5 of the Dungeon.
             The game lasted 00:11:24 (5902 turns).

ololoev the Frost Mage (White Draconian Skald)      Turns: 5902, Time: 00:11:24

Health: 49/58      AC:  7    Str: 15    XL:     7   Next: 81%
Magic:  12/18      EV: 15    Int: 18    God:    Vehumet [......]
Gold:   175        SH:  0    Dex: 11    Spells: 3 memorised, 15 levels left

rFire  . . .     SeeInvis .     a - +0 spear
rCold  + . .     Clarity  .     (armour unavailable)
rNeg   . . .     SustAt   .     (no shield)
rPois  .         Gourm    .     (helmet restricted)
rElec  .         Spirit   .     (no cloak)
rCorr  .         Warding  .     i - +0 pair of gloves
rMut   .         Stasis   .     (no boots)
MR     .....                    (no amulet)
Stlth  +.........               x - +5 ring of intelligence
                                d - +3 ring of evasion

@: mildly poisoned (49 -> 41), not resistant to hostile enchantments, very
unstealthy
A: breathe frost, unfitting armour, cold resistance 1, mutation resistance 1,
cold-blooded, AC +6
a: Breathe Frost, Renounce Religion


Innate Abilities, Weirdness & Mutations

You can breathe waves of freezing cold.
You can buffet flying creatures when you breathe cold.
Your icy white scales are hard (AC +6).
Your body does not fit into most forms of armour.
Your flesh is cold resistant.
You are cold-blooded and may be slowed by cold attacks.
You are somewhat resistant to further mutation.

Inventory:

Hand weapons
 a - a +0 spear (weapon)
Missiles
 j - 4 poisoned javelins (quivered)
Armour
 i - a +0 pair of gloves (worn)
Jewellery
 d - a +3 ring of evasion (left hand)
 k - an uncursed ring of protection from fire
 u - an uncursed ring of flight
 x - a +5 ring of intelligence (right hand)
Scrolls
 e - a scroll of identify {unknown}
 g - 3 scrolls of remove curse
 h - a scroll of fear {unknown}
 p - 2 scrolls of magic mapping
 q - 2 scrolls of blinking {unknown}
 s - 3 scrolls of enchant armour {unknown}
 y - a scroll of enchant weapon {unknown}
Potions
 b - a potion of heal wounds {unknown}
 m - a potion of resistance {unknown}
 t - a potion of cancellation {unknown}
 v - 2 potions of curing
 z - a potion of flight {unknown}
 B - a potion of agility {unknown}
Comestibles
 c - 3 bread rations
 o - 2 beef jerkies
 r - 2 meat rations
 w - a slice of pizza


   Skills:
 - Level 3.7 Fighting
 - Level 4.2 Polearms
 - Level 2.4 Dodging
 + Level 7.5 Spellcasting
 - Level 3.6 Charms
 * Level 11.7 Ice Magic


You had 15 spell levels left.
You knew the following spells:

 Your Spells              Type           Power        Failure   Level  Hunger
a - Freeze                Ice            ####         1%          1    None
b - Song of Slaying       Chrm           ###.....     4%          2    None
c - Regeneration          Chrm/Necr      ##........   17%         3    #......


You were on level 5 of the Dungeon.
You worshipped Vehumet.
Vehumet was noncommittal.
You were not hungry.

You visited 1 branch of the dungeon, and saw 5 of its levels.

You collected 175 gold pieces.

*,** *......,* *,,,,,* *,*
*#.#..#** *,*,,,* *,* #.#..#
*,,,,,* ,,* #.#..# *,,*,,*
*,* #.#..# *,,>,,* *,*
######.#..# **,*,** #.#
#.........# *,*,* .<#
#.####W#.#######,*,* #.#
##.## #@#........,,,* #.##
##.#.###.#########,***
...######.###.##.## *,*
.........## ##....# *,*
...######.###.##..# *,*
.......###.#§###..# *,*
.....#.####.## #..#*******,*
..##...§§§§.# #...,,,,,,,,*
#####.#########*,***********

Notes
Turn   | Place    | Note
--------------------------------------------------------------
     0 | D:1      | ololoev the Draconian Skald began the quest for the Orb.
     0 | D:1      | Reached XP level 1. HP: 17/17 MP: 3/3
   653 | D:1      | Reached XP level 2. HP: 16/24 MP: 5/5
   665 | D:1      | Learned a level 2 spell: Song of Slaying
  1221 | D:2      | Reached skill level 3 in Charms
  1268 | D:2      | Found an opulent altar of Gozag.
  1277 | D:2      | Reached XP level 3. HP: 22/29 MP: 6/6
  1768 | D:2      | Found a burning altar of Makhleb.
  1772 | D:2      | Found a radiant altar of Vehumet.
  1997 | D:2      | Learned a level 3 spell: Regeneration
  2014 | D:2      | You fall through a shaft!
  2081 | D:3      | Found a basalt altar of Yredelemnul.
  2246 | D:3      | Reached XP level 4. HP: 26/36 MP: 8/8
  2335 | D:2      | Became a worshipper of Vehumet
  3328 | D:3      | Reached XP level 5. HP: 23/44 MP: 9/9
  4616 | D:4      | Noticed PeterLawrence's ghost (average MiFi)
  4798 | D:4      | Reached XP level 6. HP: 37/51 MP: 10/10
  4922 | D:4      | Found a staircase to the Ecumenical Temple.
  5085 | D:3      | Reached skill level 4 in Polearms
  5252 | D:4      | Gained mutation: You are somewhat resistant to further mutation. [potion of beneficial mutation]
  5274 | D:4      | Acquired Vehumet's first power
  5274 | D:4      | Offered knowledge of Freeze by Vehumet.
  5285 | D:4      | Learned a level 1 spell: Freeze
  5732 | D:4      | Reached skill level 1 in Ice Magic
  5841 | D:5      | Entered Level 5 of the Dungeon
  5858 | D:5      | Noticed luca467's ghost (average DsMo)
  5901 | D:5      | Reached skill level 7 in Spellcasting
  5901 | D:5      | Reached skill level 10 in Ice Magic
  5901 | D:5      | Reached skill level 11 in Ice Magic
  5901 | D:5      | Your scales start taking on an icy white colour.
  5901 | D:5      | Gained mutation: Your flesh is cold resistant. [White Draconian growth]
  5901 | D:5      | Reached XP level 7. HP: 50/58 MP: 12/18
  5902 | D:5      | Quit the game

Dungeon Overview and Level Annotations

Branches:
Dungeon (5/15)             Temple (0/1) D:4

Altars:
Gozag
Makhleb
Vehumet
Yredelemnul

Annotations:
D:4 PeterLawrence's ghost, average MiFi
D:5 luca467's ghost, average DsMo


Message History

(? for menu, Esc to cancel) < or
d - a +3 ring of evasion; > or
x - a +5 ring of intelligence You remove your +3 ring of evasion.
Oops, that ring feels deathly cold.
b - a cursed -5 ring of protection (left hand) Read which item? (? for menu, Esc to quit)
As you read the scroll labeled QEUGEPNUQO, it crumbles to dust.
You feel aware of your surroundings.
You sensed 7 altars.
It was a scroll of magic mapping.
Eat which item? (? for menu, Esc to quit)
Okay, then.
Read which item? (? for menu, Esc to quit)
As you read the scroll labeled GIB HEATHRI, it crumbles to dust.
The scroll dissolves into smoke.
It was a scroll of fog.
Read which item? (? for menu, Esc to quit)
As you read the scroll labeled WIRHUEMOANN, it crumbles to dust.
You feel as if something is helping you.
It was a scroll of remove curse.
Drop what? 26/52 slots (_ for help) (? for menu, Esc to quit)
You remove your -5 ring of protection.
You drop a -5 ring of protection.
Put on which piece of jewellery? (? for menu, Esc to quit)
d - a +3 ring of evasion (left hand) Luca467's ghost turns its malevolent gaze towards you.
Found a fuming black potion.
b - a fuming black potion Drink which item? (? for menu, Esc to quit)
It was a potion of poison.
That liquid tasted very nasty...
You are poisoned.
You feel sick. Luca467's ghost hits you.
Drink which item? (? for menu, Esc to quit)
It was a potion of experience.
You feel more experienced!
Your Spellcasting skill gained 4 levels and is now at level 7!
Your Ice Magic skill gained 9 levels and is now at level 10!
You have reached level 7!
Your Ice Magic skill increases to level 11!
Your scales start taking on an icy white colour.
You feel resistant to cold.
You feel sick. Luca467's ghost closely misses you.
Are you sure you want to abandon this character and quit the game? (Confirm with "yes".)

You could see luca467's ghost.

Vanquished Creatures
  A giant frog (D:4)
  A giant frog skeleton (D:4)
  3 orc wizards
  3 orc priests
  A worker ant (D:3)
  A hound skeleton (D:4)
  4 gnolls (D:3)
  7 adders
  An ooze (D:1)
  2 giant geckos (D:2)
  10 orcs
  A bat (D:3)
  4 giant cockroaches
  7 goblins
  5 hobgoblins
  5 quokkas
  2 giant newts
  4 kobolds
  A quokka skeleton (D:4)
  10 rats
73 creatures vanquished.

Action                   |  1- 3 |  4- 6 |  7- 9 || total
-------------------------+-------+-------+-------++-------
Melee: Spear             |   154 |   246 |       ||   400
Throw: Javelin           |       |     4 |       ||     4
 Cast: Infusion          |     1 |     1 |       ||     2
       Song of Slaying   |       |     4 |       ||     4
       Freeze            |       |     2 |       ||     2
  Use: Potion            |       |     7 |       ||     7
       Scroll            |       |     3 |       ||     3
 Stab: Distracted        |     1 |       |       ||     1
       Sleeping          |     2 |       |       ||     2
  Eat: Chunk             |     4 |    10 |       ||    14
       Royal jelly       |       |     1 |       ||     1

Vault maps used:
D:1:      evilmike_arrival_fibonacci_small, st_stairs_3
D:2:      minitemple, nicolae_gozag_cash_rules_everything_around_me
D:3:      lemuel_tele_altar
D:4:      minmay_temple_entry_purple_smoke
D:5:      grunt_temple_overflow_octagram, first_bread
